details: 'AFK'

« prev index next »

General information

Mini Map

Players

team 1
NightElftacoworld (purple | 36 APM | 2306 actions | 64:35)
Hero icon 5 Demon Hunter
Ability icon 3 Mana Burn
Ability icon 2 Evasion
Hero icon 4 Warden
Ability icon 2 Shadow Strike
Ability icon 2 Blink
Hero icon 4 Pandaren Brewmaster
Ability icon 2 Drunken Haze
Ability icon 2 Drunken Brawler

» actions
Assign group hotkey20
Basic commands83
Build / train106
Enter build submenu31
Enter hero's abilities submenu13
Right click781
Select / deselect447
Select group hotkey723
Use ability101
2306 total
» units
Wisp41
Archer18
Druid of the Talon3
Hippogryph9
71 total
» upgrades
Ultravision1
Strength of the Moon4
Druid of the Talon Training2
Moon Armor5
Hippogryph Taming1
Improved Bows1
Marksmanship1
Well Spring2
17 total
» buildings
Altar of Elders1
Moon Well12
Ancient of War1
Tree of Ages1
Hunter's Hall1
Tree of Eternity1
Ancient of Wind2
Ancient Protector4
Tree of Life6
29 total
» build order
00:11 Altar of Elders
00:21 Moon Well
00:43 Ancient of War
01:50 Moon Well
02:56 Moon Well
03:30 Moon Well
04:16 Tree of Ages
05:10 Hunter's Hall
06:45 Tree of Eternity
06:49 Ancient of Wind
06:51 Ancient of Wind
09:27 Moon Well
11:11 Ancient Protector
11:41 Tree of Life
12:30 Tree of Life
16:01 Ancient Protector
17:39 Ancient Protector
18:56 Moon Well
20:14 Moon Well
21:19 Ancient Protector
21:24 Moon Well
22:13 Moon Well
22:21 Tree of Life
23:22 Moon Well
23:28 Moon Well
23:34 Tree of Life
24:33 Moon Well
26:47 Tree of Life
27:43 Tree of Life
team 2
Random» Orcusssumpter (green | 16 APM | 689 actions | 42:23)
Hero icon 5 Tauren Chieftain
Ability icon 2 Endurance Aura
Ability icon 3 War Stomp
Hero icon 2 Shadow Hunter
Ability icon 1 Healing Wave
Ability icon 1 Hex
Hero icon 2 Beastmaster
Ability icon 1 Summon Bear
Ability icon 1 Summon Quilbeast

» actions
Basic commands64
Build / train90
Enter build submenu28
Enter hero's abilities submenu9
Right click119
Select / deselect329
Use ability50
689 total
» units
Peon16
Grunt7
Troll Headhunter/Berserker21
Goblin Shredder1
Wind Rider6
Demolisher8
Troll Batrider3
Tauren2
Shaman5
69 total
» upgrades
Ranged Weapons1
Berserker Upgrade1
Burning Oil1
Liquid Fire1
Shaman Training2
Pulverize1
7 total
» buildings
Orc Burrow8
Altar of Storms1
Barracks2
War Mill1
Great Hall3
Stronghold1
Beastiary1
Watch Tower7
Fortress1
Voodoo Lounge1
Spirit Lodge1
Tauren Totem1
28 total
» build order
00:23 Orc Burrow
00:37 Altar of Storms
00:53 Barracks
01:08 War Mill
01:50 Orc Burrow
02:23 Orc Burrow
02:46 Barracks
03:28 Orc Burrow
05:52 Great Hall
06:07 Stronghold
07:25 Orc Burrow
08:25 Orc Burrow
09:18 Beastiary
10:40 Watch Tower
11:31 Fortress
12:04 Watch Tower
13:09 Voodoo Lounge
14:52 Spirit Lodge
14:57 Tauren Totem
15:09 Great Hall
15:12 Orc Burrow
16:24 Watch Tower
16:33 Watch Tower
17:18 Watch Tower
17:26 Orc Burrow
17:31 Watch Tower
19:05 Watch Tower
41:15 Great Hall